 Dungeon Crawl Stone Soup version 0.31-a0-818-ge7c7cf74f0 (webtiles) character file.

Game seed: 6931799319320159501

6766 Kurtz the Cleaver (level 11, -12/77 HPs)
             Began as an Octopode Fighter on Sept 22, 2023.
             Was a Priest of Okawaru.
             Killed from afar by a gargoyle (24 damage)
             ... with a stone arrow
             ... on level 10 of the Dungeon.
             The game lasted 00:23:02 (14880 turns).

Kurtz the Cleaver (Octopode Fighter)               Turns: 14880, Time: 00:23:03

Health: -12/77     AC:  3    Str: 18    XL:     11   Next: 4%
Magic:  14/14      EV: 16    Int: 10    God:    Okawaru [***...]
Gold:   638        SH:  5    Dex: 14    Spells: 10/10 levels left

rFire   . . .        e - +2 hand axe (flame)
rCold   . . .        b - +0 buckler
rNeg    + . .        p - +2 hat
rPois   +            (no amulet)
rElec   .            x - ring of see invisible
rCorr   +            h - ring of resist corrosion
SInv    +            u - ring of positive energy
Will    .....        B - ring of poison resistance
Stlth   ++           (no ring)
HPRegen 0.32/turn    (no ring)
MPRegen 0.14/turn    (no ring)
                     (no ring)

%: no passive effects
@: no status effects
A: almost no armour, amphibious, 8 rings, camouflage 1, gelatinous body 1,
(nimble swimmer 1), tentacles
a: Renounce Religion, Heroism


You were on level 10 of the Dungeon.
You worshipped Okawaru.
Okawaru was most pleased with you.
You visited 2 branches of the dungeon, and saw 11 of its levels.
You also visited: Sewer.

You collected 638 gold pieces.

Inventory:

Hand Weapons
 a - a +0 war axe
 e - a +2 hand axe of flaming (weapon)
 f - a +1 flail of protection
 C - a +2 mace of holy wrath
Missiles
 v - 8 poisoned darts (quivered)
Armour
 b - a +0 buckler (worn)
 p - a +2 hat (worn)
Jewellery
 h - a ring of resist corrosion (right tentacle)
 u - a ring of positive energy (on tentacle)
 x - a ring of see invisible (left tentacle)
 B - a ring of poison resistance (on tentacle)
Talismans
 E - a talisman of death
Wands
 y - a wand of mindburst (4)
Scrolls
 g - 7 scrolls of immolation
 j - a scroll of noise
 m - 4 scrolls of amnesia
 n - 3 scrolls of enchant weapon {unknown}
 r - a scroll of brand weapon {unknown}
 s - 2 scrolls of fog {unknown}
 t - a scroll of silence {unknown}
 w - 4 scrolls of poison
 z - a scroll of blinking {unknown}
 A - a scroll of fear {unknown}
 F - a scroll of enchant armour {unknown}
Potions
 c - 3 potions of might
 d - 2 potions of mutation
 i - 2 potions of brilliance
 k - a potion of lignification
 l - 2 potions of attraction
 o - a potion of invisibility {unknown}
 q - 2 potions of haste {unknown}
 D - a potion of cancellation {unknown}
 G - 2 potions of curing
 H - a potion of magic {unknown}


   Skills:
 * Level 8.0 Fighting
 * Level 10.8 Axes
 * Level 8.3 Dodging
 * Level 6.2 Shields
 * Level 4.4 Invocations


You had 10 spell levels left.
You didn't know any spells.
Your spell library contained the following spells:

 Spells                   Type           Power      Damage    Failure   Level
 Shock                    Conj/Air       0%         1d3       43%         1
 Slow                     Hex            0%         N/A       43%         1
 Confusing Touch          Hex            0%         N/A       80%         3
 Hailstorm                Conj/Ice       0%         3d3       80%         3
 Sigil of Binding         Hex            0%         N/A       80%         3
 Swiftness                Air            0%         N/A       80%         3
 Vampiric Draining        Necr           0%         2d6       80%         3
 Airstrike                Air            0%         2d(0-16)  99%         4
 Summon Ice Beast         Ice/Summ       Unusable   N/A       N/A         4
 Simulacrum               Ice/Necr       Unusable   N/A       N/A         6

Dungeon Overview and Level Annotations

Branches:
Dungeon (10/15)            Temple (1/1) D:6            Lair (0/5) D:8
  Sewer (visited)
    Orc: D:9-12

Altars:
Ashenzari
Cheibriados
Dithmenos
Elyvilon
Fedhas
Gozag
Hepliaklqana
Kikubaaqudgha
Makhleb
Nemelex Xobeh
Okawaru
Qazlal
Ru
Trog
Uskayaw
Vehumet
Wu Jian
Xom
Zin
The Shining One

Shops:
D:1 ?(:

Annotations:
D:4 2 transporters, Dordric's ghost, amateur OpSh


Innate Abilities, Weirdness & Mutations

You cannot wear most types of armour.
You are amphibious.
You can wear up to eight rings at the same time.
Your skin changes colour to match your surroundings (Stealth+).
Your rubbery body absorbs attacks. (AC +1, EV +1)
((You are camouflaged when in or above water. (Stealth+)))
You have tentacles for arms and can constrict up to eight enemies at once.


Message History

Your grab misses the killer bee. You squeeze the killer bee!
The killer bee is severely wounded.
The killer bee misses you. The killer bee closely misses you.
Unknown command.
You slash the killer bee! You burn the killer bee.
You kill the killer bee!
Okawaru accepts your kill.
Found a stone staircase leading down.
There is a stone staircase leading down here.
Things that are here:
a +0 shortbow; a centaur corpse No target in view!
No target in view!
Found a hand axe.
Found an escape hatch in the ceiling.
A gargoyle comes into view. It is wielding a +0 mace.
A gargoyle is nearby!
You hit the gargoyle but do no damage. You grab the gargoyle.
You constrict the gargoyle, but do no damage.
The gargoyle hits you with a +0 mace!
You barely miss the gargoyle.
You constrict the gargoyle, but do no damage.
The gargoyle hurls a stone arrow at you.
The stone arrow hits you!
You hit the gargoyle but do no damage. You constrict the gargoyle.
Unknown command.
You barely miss the gargoyle.
You squeeze the gargoyle, but do no damage.
The gargoyle is lightly damaged.
You constrict the gargoyle. The gargoyle hits you with a +0 mace!
You hit the gargoyle but do no damage.
The gargoyle is lightly damaged.
You constrict the gargoyle, but do no damage.
The gargoyle closely misses you.
You release your grip on the gargoyle.
The gargoyle attacks as it pursues you! The gargoyle hits you with a +0 mace!!
* * * LOW HITPOINT WARNING * * *
The gargoyle hurls a stone arrow at you.
The stone arrow hits you!!
You die...

......#...#
#####.......... .
.....:........ #####...
#........... ##.....#
#.......... #..#######
##.....:...
....††>..######.9.##...
.#######.#...#....## #
.# #........@..# ##
#......).....# #
#........<...# #
#............# #
##....>.....## #
##...##...## ##########


You could see a gargoyle.

Vanquished Creatures
  A boulder beetle (D:8)
  A tengu warrior (D:9)
  A cyclops (D:8)
  A kobold demonologist (D:8)
  3 trolls
  Prince Ribbit (D:7)
  A shadow (D:7)
  An acid dragon (D:9)
  A water moccasin (D:3)
  Edmund (D:6)
  3 ice beasts
  4 orc warriors
  Pargi (Sewer)
  2 black bears
  A sky beast (D:8)
  2 centaurs
  4 wolves (D:8)
  A kobold brigand (D:7)
  A gnoll sergeant (D:8)
  2 scorpions
  16 killer bees
  An electric eel (D:8)
  3 howler monkeys (D:7)
  6 hounds
  3 orc priests
  A jelly (D:5)
  A gnoll bouda (D:5)
  Crazy Yiuf (D:4)
  6 sleepcaps
  3 iguanas
  4 orc wizards
  Robin (D:4)
  15 gnolls
  10 adders
  2 ufetubi
  2 worms
  4 dart slugs
  27 orcs
  4 endoplasms
  12 giant cockroaches
  10 hobgoblins
  2 jackals (D:1)
  6 quokkas
  8 ball pythons
  7 bats
  6 frilled lizards
  17 goblins
  10 kobolds
  3 rats
224 creatures vanquished.

Notes
Turn   | Place    | Note
-------+----------+-------------------------------------------
     0 | D:1      | Kurtz the Octopode Fighter began the quest for the Orb.
     0 | D:1      | Reached XP level 1. HP: 16/16 MP: 1/1
    29 | D:1      | Found Sovudir's Magic Scroll Emporium.
    74 | D:1      | Found Gexyzagh's Antique Weapon Shop.
    90 | D:1      | Found a faded altar of an unknown god.
   139 | D:1      | Reached XP level 2. HP: 13/21 MP: 2/2
   182 | D:1      | Found Foduh's Book Emporium.
   239 | D:1      | Reached skill level 3 in Axes
   512 | D:2      | Found a glowing silver altar of Zin.
   515 | D:2      | Reached XP level 3. HP: 26/26 MP: 3/3
   678 | D:2      | Reached skill level 4 in Axes
   682 | D:2      | Reached XP level 4. HP: 23/31 MP: 4/4
  1657 | D:3      | Noticed a black bear
  1665 | D:3      | Killed a black bear
  1666 | D:3      | Reached skill level 5 in Axes
  1666 | D:3      | Reached XP level 5. HP: 10/36 MP: 5/5
  1843 | D:3      | Found a glowing drain.
  1868 | Sewer    | Entered a sewer
  1918 | Sewer    | Noticed Pargi
  1922 | Sewer    | Killed Pargi
  1923 | Sewer    | Reached skill level 6 in Axes
  1923 | Sewer    | Reached XP level 6. HP: 29/42 MP: 6/6
  2272 | D:3      | Found a blossoming altar of Fedhas.
  2338 | D:3      | Noticed a water moccasin
  2829 | D:4      | Found a transporter.
  2829 | D:4      | Noticed Dordric's ghost (amateur OpSh)
  3030 | D:4      | Noticed a water moccasin
  3079 | D:4      | Reached skill level 7 in Axes
  3138 | D:4      | Found a transporter.
  3222 | D:4      | Noticed Robin
  3406 | D:3      | Reached XP level 7. HP: 43/46 MP: 7/7
  3471 | D:3      | Found a glowing golden altar of the Shining One.
  3862 | D:4      | Found a runed translucent door.
  3863 | D:4      | Noticed Crazy Yiuf
  4177 | D:4      | Killed Robin
  4433 | D:5      | Entered Level 5 of the Dungeon
  4442 | D:5      | Reached skill level 8 in Axes
  5326 | D:5      | Reached XP level 8. HP: 48/52 MP: 8/8
  5548 | D:6      | Noticed Edmund
  6012 | D:6      | Reached skill level 9 in Axes
  6155 | D:6      | Found a staircase to the Ecumenical Temple.
  6182 | Temple   | Entered the Ecumenical Temple
  6205 | Temple   | Became a worshipper of Warmaster Okawaru
  6269 | D:6      | Noticed a +0 dagger
  6270 | D:6      | Found a hide-covered altar of Uskayaw.
  6270 | D:6      | Noticed a +0 hand axe
  6308 | D:6      | You fall into a shaft and drop 2 floors!
  6630 | D:7      | Noticed Prince Ribbit
  6644 | D:7      | Killed Prince Ribbit
  6645 | D:7      | Reached skill level 5 in Fighting
  6645 | D:7      | Reached skill level 1 in Invocations
  6645 | D:7      | Reached XP level 9. HP: 13/61 MP: 8/10
  7213 | D:4      | Killed Crazy Yiuf
  7412 | D:3      | Reached skill level 5 in Dodging
  7856 | D:6      | Killed Edmund
  8306 | D:7      | Found an ancient bone altar of Kikubaaqudgha.
  8350 | D:7      | Reached * piety under Okawaru
  8977 | D:8      | Noticed a troll
  9016 | D:8      | Found a staircase to the Lair.
  9363 | D:8      | Noticed a kobold demonologist
 10090 | D:8      | Killed a kobold demonologist
 10148 | D:8      | Found a broken altar of Ashenzari.
 10236 | D:8      | Killed a troll
 10298 | D:8      | Reached XP level 10. HP: 21/69 MP: 12/12
 10638 | D:8      | Reached ** piety under Okawaru
 10639 | D:8      | Reached skill level 10 in Axes
 10804 | D:8      | Noticed a boulder beetle
 10855 | D:8      | Killed a boulder beetle
 10856 | D:8      | Reached skill level 5 in Shields
 11124 | D:8      | Found a bloodstained altar of Trog.
 11129 | D:8      | Noticed a cyclops
 11550 | D:8      | Killed a cyclops
 11645 | D:8      | Found an ornate altar of the Wu Jian Council.
 12399 | D:9      | Noticed a tengu warrior
 13300 | D:9      | Killed a tengu warrior
 13509 | D:9      | Reached *** piety under Okawaru
 14032 | D:9      | Identified the +2 scale mail of the Stag {rC- rN++}
 14315 | D:9      | Reached XP level 11. HP: 37/77 MP: 14/14
 14653 | D:9      | Found the +18 Lear's hauberk
 14757 | D:10     | Entered Level 10 of the Dungeon
 14880 | D:10     | Killed from afar by a gargoyle

Illustrated notes

Levels and vault maps discovered:
D:1:      minmay_arrival_arboretum_small, layout_rooms, serial_shops, shop,
          nicolae_book_shop_shelving, shop, hellmonk_ecumenical_altar_crossroads
D:2:      minmay_roachtagon, layout_basic, basic_altar, serial_forest,
          infiniplex_forest_straight_2, infiniplex_forest_clump_small,
          infiniplex_forest_straight_2, infiniplex_forest_lined_corner,
          infiniplex_forest_clump_small
D:3:      layout_loops_ring, nicolae_tso_swordbearing_angel,
          mainiacjoe_overflow_paths, portal_sewer_entry_a, st_stairs_8,
          glass_columns_a, minmay_misc_feat_four_crosses
D:4:      layout_gridville, gammafunk_ghost_arena, uniq_crazy_yiuf_cottage,
          uniq_robin
D:5:      layout_loops_ring
D:6:      layout_gridville, dancing_weapons_uskayaw, minmay_temple_entry_trees,
          hellmonk_no_cap, uniq_edmund
D:7:      layout_cave_pods, kiku_gazebo_pond_becter, uniq_prince_ribbit1
D:8:      layout_cave_pods, nicolae_overflow_hidden_temple, erik_lair_island,
          hangedman_feature_mirror, dk_rats_in_the_wall
D:9:      layout_stronghold, hellmonk_guarded_unrand_lears
D:10:     layout_rooms, minitemple
Temple:   eino_wide_crystal_templ

Skill      XL: |  1  2  3  4  5  6  7  8  9 10 11 |
---------------+----------------------------------+-----
Axes           | 3 4 5 6 7 8 9 10 | 10.8
Fighting       | 5 6 7 8 |  8.0
Dodging        | 4 6 8 |  8.3
Invocations    | 1 3 4 |  4.4
Shields        | 4 6 |  6.2

Action                     |  1- 3 |  4- 6 |  7- 9 | 10-12 || total
---------------------------+-------+-------+-------+-------++-------
  Melee: War axe           |    53 |   114 |    58 |       ||   225
         Constrict         |    14 |    30 |    59 |    20 ||   123
         Tentacles         |     8 |    23 |    59 |    43 ||   133
         Punch             |     1 |     1 |     6 |     7 ||    15
         Mace              |       |       |   187 |       ||   187
         Hand axe          |       |       |    31 |   171 ||   202
  Throw: Dart              |       |     3 |    23 |    14 ||    40
 Invoke: Heroism           |       |       |     2 |     4 ||     6
  Evoke: Wand              |       |       |     8 |       ||     8
    Use: Scroll            |       |     5 |     9 |       ||    14
         Potion            |       |     1 |     6 |       ||     7
   Stab: Sleeping          |     4 |     8 |     7 |     3 ||    22
 Armour: Skin              |    31 |    67 |   183 |    81 ||   362
  Dodge: Dodged            |    30 |   114 |   167 |   108 ||   419
  Block: Buckler           |    12 |    40 |    69 |    45 ||   166

Table legend: (Time is in decaauts)
 A = Elapsed time spent in this place.
 B = Non-inter-level travel time spent in this place.
 C = Inter-level travel time spent in this place.
 D = Time resting spent in this place.
 E = Time spent auto-exploring this place.
 F = Levels seen in this place.
 G = Mean time per level.
                   A        B        C        D        E       F      G
               +--------+--------+--------+--------+--------+-----+--------+
         Total |  14941 |  13332 |   1609 |   5425 |   5445 |  12 | 1245.1 |
       Dungeon |  14748 |  13152 |   1596 |   5380 |   5373 |  10 | 1474.8 |
        Temple |     36 |     23 |     13 |      0 |      0 |   1 |   36.0 |
         Sewer |    155 |    155 |      0 |     45 |     72 |   1 |  155.0 |
               +--------+--------+--------+--------+--------+-----+--------+

Top non-repeatable levels by time:
     D:8: 3809 daAuts
     D:7: 1908 daAuts
     D:4: 1716 daAuts
     D:3: 1505 daAuts
     D:6: 1453 daAuts
     D:9: 1379 daAuts
     D:5: 1273 daAuts
     D:2: 959 daAuts
     D:1: 649 daAuts
   Sewer: 155 daAuts
    D:10: 93 daAuts
  Temple: 36 daAuts
